 Dungeon Crawl Stone Soup version 0.25.1-2-g60ff931df9 (webtiles) character file.

Game seed: 5806353509267306909

799 lorenzova the Magician (level 7, -4/36 HPs)
             Began as a Deep Elf Fire Elementalist on Oct 6, 2020.
             Was an Initiate of Vehumet.
             Slain by an orc warrior
             ... wielding a +0 short sword
              (20 damage)
             ... on level 4 of the Dungeon.
             The game lasted 00:13:33 (5483 turns).

lorenzova the Magician (Deep Elf Fire Elementalist) Turns: 5483, Time: 00:13:35

Health: -4/36      AC:  4    Str:  5    XL:     7   Next: 59%
Magic:  16/19      EV: 13    Int: 22    God:    Vehumet [......]
Gold:   226        SH:  0    Dex: 15    Spells: 7/20 levels left

rFire    . . .     SeeInvis .   g - +0 hand crossbow
rCold    . . .     Gourm    .   (no shield)
rNeg     . . .     Faith    .   a - +0 robe
rPois    .         Spirit   .   u - +0 helmet
rElec    .         Reflect  .   t - +0 cloak
rCorr    .         Harm     .   (no gloves)
MR       .....                  (no boots)
Stlth    ++........             (no amulet)
HPRegen  0.12/turn              h - ring of wizardry
MPRegen  0.16/turn              (no ring)

@: no status effects
A: no striking features
a: Renounce Religion


You were on level 4 of the Dungeon.
You worshipped Vehumet.
Vehumet was noncommittal.
You were hungry.

You visited 1 branch of the dungeon, and saw 5 of its levels.

You collected 226 gold pieces.

Inventory:

Hand Weapons
 f - a cursed +0 dagger
 g - a +0 hand crossbow (weapon)
Missiles
 l - 41 bolts (quivered)
Armour
 a - a +0 robe (worn)
 e - a +0 buckler
 t - a +0 cloak (worn)
 u - a +0 helmet (worn)
Jewellery
 h - a ring of wizardry (left hand)
Wands
 v - a wand of iceblast (11)
Scrolls
 d - a scroll of fog
 j - 5 scrolls of remove curse
 k - 2 scrolls of noise {unknown}
 m - 2 scrolls of enchant weapon {unknown}
 o - 4 scrolls of teleportation {unknown}
 s - a scroll of blinking {unknown}
 x - 2 scrolls of immolation {unknown}
Potions
 b - a potion of brilliance
 i - 2 potions of curing
 n - 3 potions of might
 p - 2 potions of heal wounds
 q - 2 potions of haste
 r - a potion of ambrosia {unknown}
Comestibles
 c - 7 rations


   Skills:
 - Level 2.4 Dodging
 - Level 2.4 Stealth
 + Level 7.1 Spellcasting
 + Level 5.3 Conjurations
 + Level 6.3 Fire Magic


You had 7 spell levels left.
You knew the following spells:

 Your Spells              Type           Power        Failure   Level  Hunger
a - Foxfire               Conj/Fire      ####         1%          1    None
c - Conjure Flame         Conj/Fire      ####....     1%          3    None
f - Fireball              Conj/Fire      ####......   9%          5    #####..
s - Sticky Flame          Conj/Fire      ####....     3%          4    ###....

Your spell library contained the following spells:

 Spells                   Type           Power        Failure   Level  Hunger
 Inner Flame              Hex/Fire       ###.....     2%          3    None


Dungeon Overview and Level Annotations

Branches:
Dungeon (5/15)
 Temple: D:4-7

Altars:
Fedhas
Gozag
Kikubaaqudgha
Vehumet


Message History

Casting: Foxfire (safe; 1% risk of failure)
Confirm with . or Enter, or press ? or * to list all spells.
You conjure some foxfire!
The orc warrior hits you but does no damage.
The foxfire hits the orc warrior!
The orc warrior is moderately wounded.
The foxfire hits the orc warrior.
The orc warrior is heavily wounded.
The orc warrior hits you with a +0 short sword!
Casting: Foxfire (safe; 1% risk of failure)
Confirm with . or Enter, or press ? or * to list all spells.
You conjure some foxfire!
The orc warrior hits you with a +0 short sword!
The foxfire hits the orc warrior.
The orc warrior is heavily wounded.
The foxfire hits the orc warrior.
The orc warrior is heavily wounded.
The orc warrior hits you with a +0 short sword!!
Ouch! That really hurt!
You die...

#...# #.#######.#.####.##..#####.
#...###.#>...........#...........
.....##............#.......#.....
.....####.#####.#................
..........# #.##.#######.#..##.
.....###### #...............##.
...<.# #.##.........##.##. ##..##
#o##########.##.##. ##.#
#.@v..(......##.##. #.#
#ยง#############.### #.# #.# #.#
# #.# ###.# #.# # #.# #...#
##########.# # #.# #.###
#..........# #.# #.#
##..######### #.# #.# #.....# #.#
#.# ##.P.P.#


You could see an orc warrior.

Vanquished Creatures
  A sky beast (D:5)
  An ice beast (D:3)
  3 scorpions
  A howler monkey (D:4)
  A crimson imp (D:4)
  A hound (D:5)
  An orc wizard (D:3)
  Jessica (D:2)
  A centaur skeleton (D:4)
  2 worker ants (D:4)
  A statue (D:4)
  Robin (D:2)
  10 adders
  2 oozes (D:2)
  An adder zombie (D:5)
  An adder skeleton (D:4)
  3 worms (D:2)
  A dart slug (D:2)
  4 leopard geckos
  4 orcs
  5 giant cockroaches
  17 goblins
  8 hobgoblins
  2 jackals (D:2)
  7 kobolds
  A quokka (D:5)
  4 bats
  4 frilled lizards
  A leopard gecko zombie (D:5)
  11 rats
101 creatures vanquished.

Vanquished Creatures (others)
  304 foxfires
304 creatures vanquished.

Grand Total: 405 creatures vanquished

Notes
Turn   | Place    | Note
-------+----------+-------------------------------------------
     0 | D:1      | lorenzova the Deep Elf Fire Elementalist began the quest
                  | for the Orb.
     0 | D:1      | Reached XP level 1. HP: 10/10 MP: 6/6
   140 | D:1      | You fall into a shaft and drop 1 floor!
   144 | D:2      | Noticed Jessica
   256 | D:2      | Reached XP level 2. HP: 15/15 MP: 6/8
  1219 | D:2      | Reached XP level 3. HP: 19/19 MP: 8/10
  1255 | D:2      | Learned a level 3 spell: Conjure Flame
  1577 | D:2      | Reached skill level 4 in Spellcasting
  1724 | D:2      | Killed Jessica
  1724 | D:2      | Reached XP level 4. HP: 24/24 MP: 10/12
  1730 | D:2      | Learned a level 4 spell: Sticky Flame
  2244 | D:2      | Noticed Robin
  2252 | D:2      | Killed Robin
  2442 | D:2      | Found an opulent altar of Gozag.
  2825 | D:3      | Reached XP level 5. HP: 25/28 MP: 10/14
  3003 | D:3      | Noticed an ice beast
  3011 | D:3      | Killed an ice beast
  3011 | D:3      | Reached skill level 5 in Spellcasting
  3129 | D:3      | Found an ancient bone altar of Kikubaaqudgha.
  3248 | D:3      | Reached skill level 5 in Fire Magic
  3355 | D:3      | Reached XP level 6. HP: 24/32 MP: 12/16
  4212 | D:4      | Found a radiant altar of Vehumet.
  4341 | D:4      | Became a worshipper of Vehumet
  4481 | D:4      | Reached skill level 6 in Spellcasting
  4685 | D:4      | Found a blossoming altar of Fedhas.
  4881 | D:4      | Reached XP level 7. HP: 36/36 MP: 15/18
  5121 | D:5      | Entered Level 5 of the Dungeon
  5135 | D:4      | Learned a level 5 spell: Fireball
  5325 | D:5      | Reached skill level 5 in Conjurations
  5374 | D:5      | Reached skill level 7 in Spellcasting
  5483 | D:4      | Slain by an orc warrior

Illustrated notes

Levels and vault maps discovered:
D:1:      saegor_arrival_simple_a, layout_loops_ring
D:2:      layout_basic, nicolae_gozag_cash_rules_everything_around_me,
          first_ration, uniq_robin, uniq_jessica
D:3:      layout_loops_ring, lemuel_coloured_pillars_altar
D:4:      layout_loops_ring, vehumet_statue, fedhas_altar_1
D:5:      layout_rooms, ebering_ghost_rock_garden, serial_shops, shop,
          uniq_grinder, uniq_pikel

Skill      XL: |  1  2  3  4  5  6  7 |
---------------+----------------------+-----
Conjurations   | 2 3 4 5 |  5.3
Spellcasting   | 4 5 6 7 |  7.1
Fire Magic     | 4 5 6 |  6.3
Dodging        | |  2.4
Stealth        | |  2.4

Action                   |  1- 3 |  4- 6 |  7- 9 || total
-------------------------+-------+-------+-------++-------
Melee: Unarmed           |    11 |       |       ||    11
 Fire: Hand crossbow     |     8 |    21 |    13 ||    42
 Cast: Foxfire           |    51 |   101 |    38 ||   190
  Use: Scroll            |     5 |     2 |     1 ||     8
  Eat: Chunk             |     2 |     8 |     3 ||    13
Armor: Robe              |     2 |    10 |     2 ||    14
Dodge: Dodged            |    11 |    33 |    11 ||    55
